 Dungeon Crawl Stone Soup version 0.29.1-1-gd02db6906a (webtiles) character file.

Game seed: 3219414757955470556

47 fireball365 the Covered (level 3, -3/33 HPs)
             Began as a Minotaur Fighter on Oct 10, 2022.
             Was a Follower of Kikubaaqudgha.
             Killed from afar by Sigmund (12 damage)
             ... with a puff of flame
             ... on level 3 of the Dungeon.
             The game lasted 00:06:35 (2002 turns).

fireball365 the Covered (Minotaur Fighter)          Turns: 2002, Time: 00:06:35

Health: -3/33      AC:  9    Str: 20    XL:     3   Next: 48%
Magic:  2/2        EV:  7    Int:  5    God:    Kikubaaqudgha [*.....]
Gold:   119        SH:  4    Dex: 11    Spells: 2/2 levels left

rFire   . . .      SeeInvis .   a - +0 war axe
rCold   . . .      Faith    .   c - +0 buckler
rNeg    . . .      Spirit   .   k - +0 chain mail
rPois   .          Reflect  .   (helmet restricted)
rElec   .          Harm     .   (no cloak)
rCorr   .          Rampage  .   (no gloves)
Will    .....                   (no boots)
Stlth   ..........              (no amulet)
HPRegen 0.11/turn               (no ring)
MPRegen 0.08/turn               (no ring)

@: no status effects
A: horns 2, retaliatory headbutt
a: Renounce Religion, Unearth Wretches


You were on level 3 of the Dungeon.
You worshipped Kikubaaqudgha.
Kikubaaqudgha was aware of your devotion.
You visited 1 branch of the dungeon, and saw 3 of its levels.

You collected 119 gold pieces.

Inventory:

Hand Weapons
 a - a +0 war axe (weapon)
Missiles
 g - 20 stones (quivered)
Armour
 b - a +0 scale mail
 c - a +0 buckler (worn)
 k - a +0 chain mail (worn)
Scrolls
 e - a scroll of identify {unknown}
 f - a scroll of teleportation {unknown}
 l - a scroll of magic mapping {unknown}
 m - a scroll of vulnerability {unknown}
 p - a scroll of poison {unknown}
Potions
 d - a potion of might
 h - 2 potions of lignification {unknown}
 i - a potion of magic {unknown}
 j - a potion of berserk rage {unknown}
 n - a potion of heal wounds {unknown}
 o - 2 potions of brilliance {unknown}


   Skills:
 - Level 3.8 Fighting
 * Level 3.7 Axes
 + Level 4.2 Armour
 + Level 4.0 Shields


You had 2 spell levels left.
You didn't know any spells.
Your spell library contained the following spells:

 Spells                   Type           Power      Damage    Failure   Level
 Necrotise                Necr           0%         1d4       100%        1
 Static Discharge         Conj/Air       0%         3-3/arc   100%        2
 Sublimation of Blood     Necr           0%         N/A       100%        2
 Ozocubu's Armour         Ice            0%         N/A       100%        3
 Anguish                  Hex/Necr       0%         N/A       100%        4
 Animate Dead             Necr           0%         N/A       100%        4
 Dispel Undead            Necr           0%         3d6       100%        4
 Sticky Flame             Conj/Fire      0%         2d3       100%        4
 Ozocubu's Refrigeration  Ice            0%         4d7       100%        7


Dungeon Overview and Level Annotations

Branches:
Dungeon (3/15)

Altars:
Kikubaaqudgha

Shops:
D:1 =   D:2 (

Portals:
Abyss: D:3

Annotations:
D:3 2 transporters, Fractals's ghost, amateur KoWn; Sigmund


Innate Abilities, Weirdness & Mutations

You have a pair of horns on your head.
You reflexively headbutt those who attack you in melee.


Message History

The ball python hisses angrily.
The ball python bites you but does no damage.
The ball python barely misses you.
You hit the ball python but do no damage.
You block the ball python's attack. The ball python grabs you.
The ball python constricts you.
You hit the ball python but do no damage.
You headbutt the ball python.
You kill the ball python!
Kikubaaqudgha accepts your kill.
Sigmund the Dreaded comes into view.
He is wielding a +0 scythe.
Found a leather armour.
Sigmund shouts!
Sigmund gestures wildly while chanting.
Sigmund flickers and vanishes!
Deactivating autopickup; reactivate with Ctrl-A.
You see here a ball python corpse.
Autopickup is now on.
A puff of flame appears from out of thin air!
Deactivating autopickup; reactivate with Ctrl-A.
The puff of flame hits you! Something hits you but does no damage.
Something hits you. Something hits you.
You miss something. Your headbutt misses something.
Something hits you but does no damage.
You barely miss something. You closely miss something.
Your headbutt misses something. Something hits you.
You closely miss something. Your headbutt misses something. Something hits you.
You closely miss something. You headbutt something! Something hits you.
* * * LOW HITPOINT WARNING * * *
You closely miss something. You headbutt something.
You hear some strange, mumbled words.
Something tries to affect you, but you resist.
You barely miss something.
You hear some strange, mumbled words.
A puff of flame appears from out of thin air!
The puff of flame hits you!
You die...
Kikubaaqudgha rasps: "You have failed me!
Welcome... death!"

... #. #.# #. .... #.## #.
###..# ###..###. ##....#
#........ # ..#[.#
#........ #.###.#..#
#.......#
#...#{#..#####......##
#....@...........####.
###.........#...##.$∩.
#####.........#:#.^.
######## #..##.#...##..##
#......###.†##.#....##..#
#...........##.#....##^!#
##........>#..#.....##.#.
###..####....##.......#©.#
####...##
#.......>.....##..^#


There were no monsters in sight!

Vanquished Creatures
  2 adders
  2 worms (D:2)
  2 endoplasms
  A giant cockroach (D:3)
  A goblin (D:2)
  2 hobgoblins
  5 kobolds
  2 quokkas
  2 ball pythons
  3 bats
  A frilled lizard (D:1)
  2 rats
25 creatures vanquished.

Vanquished Creatures (others)
  2 fungi (D:1)
  2 plants (D:1)
4 creatures vanquished.

Grand Total: 29 creatures vanquished

Notes
Turn   | Place    | Note
-------+----------+-------------------------------------------
     0 | D:1      | fireball365 the Minotaur Fighter began the quest for the
                  | Orb.
     0 | D:1      | Reached XP level 1. HP: 19/19 MP: 0/0
   166 | D:1      | Found Jayf's Jewellery Boutique.
   339 | D:1      | Reached XP level 2. HP: 22/27 MP: 1/1
   365 | D:1      | Found a faded altar of an unknown god.
   414 | D:1      | Prayed at the altar of an unknown god.
   414 | D:1      | Became a worshipper of Kikubaaqudgha
   414 | D:1      | Reached * piety under Kikubaaqudgha
   414 | D:1      | Received a gift from Kikubaaqudgha
  1501 | D:2      | Reached XP level 3. HP: 20/33 MP: 2/2
  1632 | D:2      | Found Wiveezxo's Weapon Emporium.
  1765 | D:3      | Found a transporter.
  1779 | D:3      | Found a one-way gate to the infinite horrors of the Abyss.
  1779 | D:3      | Noticed Fractals's ghost (amateur KoWn)
  1808 | D:3      | Found a transporter.
  1819 | D:3      | Noticed a kobold brigand
  1988 | D:3      | Noticed Sigmund
  2002 | D:3      | Killed from afar by Sigmund

Illustrated notes

Levels and vault maps discovered:
D:1:      saegor_arrival_simple_c, layout_basic, serial_curves, eino_curves_02,
          eino_curves_02, shapermc_ecumenical_altar_acropolis, serial_shops,
          shop_fountains, st_stairs_7
D:2:      layout_basic, serial_shops, nicolae_shop_hallway_plus
D:3:      layout_basic, mainiacjoe_overflow_paths,
          gammafunk_ghost_abyssal_escape, minivault_24, reono_crystal_passage,
          minmay_tree_intersection, uniq_jessica, uniq_crazy_yiuf_cottage,
          uniq_sigmund

Skill      XL: |  1  2 |
---------------+-------+-----
Armour         | 4 |  4.2
Axes           | 3 |  3.7
Shields        | 4 |  4.0
Fighting       | |  3.8

Action                   || total
-------------------------++-------
Melee: War axe           ||    84
       Headbutt          ||     9
Armor: Scale mail        ||     9
       Chain mail        ||    28
Dodge: Dodged            ||    38
Block: Buckler           ||    17
